Cogmind - Beta 16 @@@ ROGUE MODE // 2025.11.07 @ 10:17:03 Player: H3-MLN Result: Destroyed by S-27 Virus with Autogun Performance ------------- Evolutions (4) 2000 Regions Visited (9) 1800 Robots Destroyed (126) 630 Value Destroyed (3995) 3995 Prototype IDs (26) 520 Alien Tech Used (0) 0 Bonus (1217) 1217 TOTAL SCORE: 10162 Bonus ------- High Alert Combat Kills 141 Follower Combat Kills 96 Entered Garrisons 200 Registered with UFD 300 Met Optimus in HQ 500 Friendly Fire -20 Cogmind --------- Core Integrity 0/850 Matter 229/300 Energy 64/100 System Corruption 16% Temperature Cool (0) Movement Core (100) Ox1 Location -6/Garrison Parts ------- > --- POWER (1) -------- (None) > --- PROPULSION (5) --- (None) > --- UTILITY (6) ------ (None) > --- WEAPON (3) ------- Gatling Laser > --- INVENTORY (5) ---- Combat Antigrav System Large Storage Unit Long-range Phase Cannon CPS Tube (2) Peak State ------------ > --- POWER ------------ Angular Momentum Engine > --- PROPULSION ------- Armored Wheel Armored Huge Wheel Armored Huge Wheel > --- UTILITY ---------- Experimental Power Amplifier Experimental Power Amplifier Improved Cooling System Experimental Cooling System Huge Storage Unit Matter Compressor > --- WEAPON ----------- Long-range Phase Cannon Long-range Phase Cannon Gauss Rifle > --- INVENTORY -------- Compact Particle Reactor Compact Particle Reactor Combat Antigrav System Experimental Cooling System Large Storage Unit Deep Structural Scanner Advanced Sensor Array Experimental Terrain Scanner Advanced Targeting Computer Experimental Shield Generator Gatling Laser Gatling Laser Thermic Laser Proton Cannon Cooled Plasma Cannon Long-range Phase Cannon Long-range Phase Cannon Gauss Rifle Assault Cannon Magnetic Acceleration Cannon Rocket Launcher Missile Launcher CPS Tube Vortex Trap [Rating: 91] Favorites ----------- Power Subdweller Power Source Engine Subdweller Power Source Power Core Nuclear Core Reactor Antimatter Reactor Propulsion Wheel Treads Armored Treads Leg Armored Leg Wheel Wheel Utility Large Storage Unit Device Advanced Heat Sink Storage Large Storage Unit Processor Advanced Targeting Computer Hackware Hacking Suite Protection Light Armor Plating Weapon Pulse Rifle Energy Gun Pulse Rifle Energy Cannon Cooled Plasma Cannon Ballistic Gun Assault Rifle Ballistic Cannon Assault Cannon Launcher Rocket Launcher Impact Weapon Heavy Flail Special Melee Weapon Datajack Build | -11 -10 -10 -10 -8 -8 -6 -6 -6 -6 ------- Run | Yrd Mat Min Sub Rec Scr Fac Was Fac Gar Slots Evolved 8 | . . . . . . 8 . . . Power . | . . . . . . . . . . Propulsion 3 | . . . . . . 3 . . . Utility 4 | . . . . . . 4 . . . Weapon 1 | . . . . . . 1 . . . Parts Attached 93 | 9 7 . 6 6 4 32 4 24 1 Power 11 | 2 1 . 1 . 1 3 1 2 . Engine 7 | 2 1 . 1 . . 2 . 1 . Core 2 | . . . . . 1 1 . . . Reactor 2 | . . . . . . . 1 1 . Propulsion 19 | 3 2 . 2 2 1 6 . 3 . Treads 4 | 1 1 . . 2 . . . . . Leg 2 | . . . . . . 2 . . . Wheel 13 | 2 1 . 2 . 1 4 . 3 . Hover . | . . . . . . . . . . Flight . | . . . . . . . . . . Utility 30 | 2 2 . 1 1 . 12 1 11 . Device 16 | 1 1 . . . . 5 . 9 . Storage 4 | 1 1 . . . . 1 . 1 . Processor 3 | . . . . . . 3 . . . Hackware 3 | . . . . . . 2 . 1 . Protection 4 | . . . 1 1 . 1 1 . . Artifact . | . . . . . . . . . . Weapon 33 | 2 2 . 2 3 2 11 2 8 1 Energy Gun 6 | . . . 1 1 . 3 . . 1 Energy Cannon 6 | . . . . . . 2 . 4 . Ballistic Gun 8 | 2 1 . . . . 3 . 2 . Ballistic Cannon 3 | . . . . . . 1 . 2 . Launcher 7 | . 1 . 1 1 . 2 2 . . Special Weapon . | . . . . . . . . . . Impact Weapon 2 | . . . . 1 1 . . . . Slashing Weapon . | . . . . . . . . . . Piercing Weapon . | . . . . . . . . . . Special Melee Weapon 1 | . . . . . 1 . . . . Unidentified Prototypes 10 | . . . . . . 4 . 6 . Parts Lost 18 | . 2 . . 1 . 6 . 9 . Power . | . . . . . . . . . . Propulsion 6 | . 1 . . . . . . 5 . Utility 5 | . . . . 1 . 2 . 2 . Weapon 7 | . 1 . . . . 4 . 2 . Highest Loss Streak 8 | . 2 . . 1 . 2 . 8 . To Critical Strikes 1 | . . . . . . . . 1 . Average Backups 15 | 3 14 15 15 14 13 14 23 23 5 Power . | . 1 1 1 . . . 1 1 . Propulsion 2 | 1 3 4 4 3 2 . . 3 1 Utility 4 | . . 2 2 4 5 5 9 8 1 Weapon 6 | . 8 7 7 5 5 5 10 9 2 Tool/Special . | . . . . . . . . . . Unused Backups 32 | . 2 . . 5 6 4 . 12 3 Power 1 | . . . . . . . . 1 . Propulsion 10 | . . . . 1 2 2 . 4 1 Utility 8 | . . . . . 3 1 . 4 . Weapon 10 | . 1 . . 3 1 1 . 3 1 Tool/Special 3 | . 1 . . 1 . . . . 1 Average Slot Usage (%) 92 | . 99 100 100 99 97 85 73 64 . Engine 10 | . 14 14 14 14 11 4 2 . . Treads 9 | . 14 14 14 14 11 . . . . Leg 1 | . . . . . . 5 6 2 . Wheel 13 | . 13 14 14 14 14 14 13 14 . Device 4 | . 14 14 5 . . 11 2 6 . Storage 11 | . 14 14 14 14 14 6 6 6 . Processor 2 | . . . . . . 12 8 . . Protection 8 | . . . 8 13 14 . 5 5 . Energy Gun 12 | . . . 2 21 20 9 . 2 . Energy Cannon 1 | . . . . . . 5 . 7 . Ballistic Gun 6 | . 28 28 21 . . 3 . 2 . Launcher 1 | . . . 4 5 . . 19 1 . Impact Weapon 1 | . . . . 1 4 . . . . Special Melee Weapon 1 | . . . . . 2 . . . . Peak Build Rating 91 | 9 12 9 12 16 21 69 76 91 6 Average Rating 27 | 5 9 9 10 14 17 61 71 74 2 On Entrance 22 | . 9 9 9 12 16 21 69 76 2 Avg Prop Armor Cover (%) 11 | . 12 13 11 11 14 5 2 2 . Naked Turns 51 | . . . . . . . . 8 43 Heaviest Build 163 | 15 30 29 36 36 35 128 157 163 . Greatest Support 68 | 20 20 16 20 10 28 56 56 68 3 Greatest Overweight (x) 4 | 4 2 1 3 3 3 2 2 4 . Average Overweight (x) 2 | 1 1 1 1 3 2 . 1 1 . Largest Inventory Capacity 25 | 8 15 15 15 15 15 25 25 25 5 Average Capacity 16 | 7 14 15 15 15 15 17 25 24 5 Most Carried 25 | 6 15 15 15 15 15 23 25 25 5 Average Carried 15 | 3 14 15 15 14 13 15 24 24 4 Final Capacity 25 | 8 15 15 15 15 15 25 25 5 5 Final Carried 25 | 6 15 15 15 15 15 23 25 5 4 Class Distribution -------------------- 43% | Mutant 30% | Commander-Mutant 11% | Gunner 6% | Skirmisher 6% | Tank Dominant Class ---------------- Mutant | -10/Materials Mutant | -10/Mines Mutant | -10/Subcaves Mutant | -8/Recycling Commander-Mutant | -8/Scraptown Gunner | -6/Factory Gunner | -6/Waste Tank | -6/Factory Mutant | -6/Garrison Resources | -11 -10 -10 -10 -8 -8 -6 -6 -6 -6 ----------- Run | Yrd Mat Min Sub Rec Scr Fac Was Fac Gar Matter Collected 3093 | 284 535 . 121 134 50 1053 518 398 . Remotely . | . . . . . . . . . . Salvage Created 6189 | 48 679 . 173 250 545 2130 1130 1234 . Parts 212 | 5 63 . 8 9 5 54 7 61 . Haulers Intercepted 6 | . 1 . . . . 3 . 2 . Recyclers Shooed 9 | . 1 . . . . 3 . 5 . Parts Field Recycled . | . . . . . . . . . . Retrieved Matter . | . . . . . . . . . . Parts Self-Destructed . | . . . . . . . . . . Prevented . | . . . . . . . . . . Parts Restored . | . . . . . . . . . . Kills | -11 -10 -10 -10 -8 -8 -6 -6 -6 -6 ------- Run | Yrd Mat Min Sub Rec Scr Fac Was Fac Gar Combat Hostiles Destroyed 75 | . 18 . 4 4 . 26 5 18 . Guns 31 | . 15 . 3 2 . 4 . 7 . Cannons 8 | . . . . . . 7 . 1 . AOE 26 | . 3 . 1 2 . 9 5 6 . Classes Destroyed 18 | 1 8 . 1 3 2 2 1 . . Worker 8 | . 1 . . . . 2 . 5 . Builder 6 | . 3 . . . 1 1 . 1 . Tunneler 2 | 2 . . . . . . . . . Hauler 7 | . 1 . . . 1 3 . 2 . Recycler 7 | . . . . 1 2 3 . 1 . Mechanic 3 | . 1 . . . . 1 . 1 . Operator 2 | . 1 . . . . 1 . . . Watcher 10 | . 3 . . . . 5 . 2 . Swarmer 14 | . 9 . . 2 . 3 . . . Grunt 27 | . 9 . . . . 14 . 4 . Brawler 1 | . . . . . . 1 . . . Duelist 4 | . . . . . 3 1 . . . Protector 1 | . . . . 1 . . . . . Sentry 9 | . . . . 1 2 4 . 2 . Hunter 6 | . . . . . 1 . . 5 . Programmer 10 | . . . . . . 3 . 7 . Compactor 5 | . . . . . . . 5 . . Subdweller 4 | . . . 4 . . . . . . Best Kill Streak 18 | 2 10 . 1 3 . 6 3 18 . Combat Bots Only 10 | . 7 . 1 3 . 4 3 10 . Max Kills in Single Turn 5 | 1 2 . 1 2 1 5 1 4 . Gunslinging 1 | . . . . . . . . 1 . Exploded 3 | . 2 . 1 2 . 2 1 3 . Melee . | . . . . . . . . . . Uniques/NPCs Destroyed . | . . . . . . . . . . Combat | -11 -10 -10 -10 -8 -8 -6 -6 -6 -6 -------- Run | Yrd Mat Min Sub Rec Scr Fac Was Fac Gar Hostile Shots Fired 686 | . 68 . 21 7 . 208 . 377 5 Missed 247 | . 19 . 7 . . 80 . 138 3 Hits 439 | . 49 . 14 7 . 128 . 239 2 Melee 1 | . . . . . . 1 . . . Projectile 438 | . 49 . 14 7 . 127 . 239 2 AOE 1 | . . . . . . 1 . . . Critical Strikes 14 | . . . . . . 3 . 11 . Damage Taken 5867 | . 515 . 320 128 . 1741 73 3060 30 Core 1103 | . 89 . 136 14 . 204 . 630 30 Absorbed by Shields . | . . . . . . . . . . Ignored by Resistances 735 | . . . . . . . . 735 . Regen/Repaired (Parts) 78 | . . . . . . 78 . . . Core Remaining (%) 52 | 100 . . . . 4 . . . . Volleys Fired 292 | 7 78 . 21 10 . 95 14 66 1 Largest 3 | 2 2 . 2 2 . 3 3 3 1 Hottest 255 | 40 40 . 40 123 . 255 105 250 80 Shots Fired 605 | 14 153 . 37 14 . 230 39 117 1 Gun 412 | 14 151 . 32 13 . 147 . 54 1 Cannon 131 | . . . . . . 76 . 55 . Launcher 62 | . 2 . 5 1 . 7 39 8 . Special . | . . . . . . . . . . Kinetic 312 | 14 151 . 32 . . 59 . 56 . Thermal 209 | . . . . 13 . 164 . 31 1 Explosive 62 | . 2 . 5 1 . 7 39 8 . Electromagnetic 22 | . . . . . . . . 22 . Robot Hit Streak 32 | 4 11 . 14 25 . 32 18 10 . Robot Miss Streak 4 | 3 4 . 2 . . 3 1 4 3 Penetration Max 1 | . . . . . . . . 1 . Secondary Targets 2 | . . . . . . 1 . 1 . Max Gunslinging Chain 1 | . . . . . . 1 . 1 . Shots Hit Robots 407 | 9 88 . 28 13 11 155 30 73 . Core Hits 221 | 2 40 . 11 9 1 73 19 66 . Critical Kills 2 | . . . . . . 1 . 1 . Critical Parts Destroyed 5 | . . . . . 3 2 . . . Critical Strikes 26 | . . . . . 3 18 . 5 . Burn 18 | . . . . . . 15 . 3 . Meltdown 1 | . . . . . . 1 . . . Destroy 3 | . . . . . . 2 . 1 . Corrupt 1 | . . . . . . . . 1 . Smash 3 | . . . . . 3 . . . . Melee Attacks 15 | . . . . 4 11 . . . . Impact 14 | . . . . 4 10 . . . . Slashing . | . . . . . . . . . . Piercing . | . . . . . . . . . . Sneak Attacks 13 | . . . . 2 11 . . . . Combat Hostiles . | . . . . . . . . . . Follow-up Attacks . | . . . . . . . . . . Damage Inflicted 14797 | 139 1258 . 400 439 967 5101 2880 3613 . Guns 4640 | 139 1077 . 276 194 . 2074 . 880 . Cannons 2560 | . . . . . . 1426 . 1134 . Explosions 6444 | . 181 . 124 79 . 1601 2880 1579 . Melee 1133 | . . . . 166 967 . . . . Ramming 20 | . . . . . . . . 20 . Kinetic 3124 | 139 1077 . 276 . . 771 . 861 . Thermal 4354 | . . . . 194 . 3586 . 574 . Explosive 5587 | . 181 . 124 79 . 744 2880 1579 . Electromagnetic 579 | . . . . . . . . 579 . Impact 1133 | . . . . 166 967 . . . . Slashing . | . . . . . . . . . . Piercing . | . . . . . . . . . . Highest Corruption 16 | . . . . . . 7 13 16 16 Average Corruption 10 | . . . . . . 5 12 13 16 Corruption Purged . | . . . . . . . . . . Corruption Blocked . | . . . . . . . . . . Effects 65 | . . . . . . 19 12 33 1 Message Errors 19 | . . . . . . 7 1 10 1 Matter Fused 14 | . . . . . . 5 2 7 . Heat Flow Errors 6 | . . . . . . 2 2 2 . Energy Discharges 9 | . . . . . . 3 3 3 . Parts Rejected 3 | . . . . . . 2 . 1 . Parts Fused 2 | . . . . . . . 1 1 . Data Loss (minor) 4 | . . . . . . . . 4 . Data Loss (major) 1 | . . . . . . . . 1 . Misfires 3 | . . . . . . . 2 1 . Alerts 1 | . . . . . . . . 1 . Weapon Failures 3 | . . . . . . . 1 2 . Overload Shots . | . . . . . . . . . . Overflow Damage 900 | . . . . 10 707 132 . 51 . Projectiles 88 | . . . . . 37 51 . . . Explosions 132 | . . . . . . 81 . 51 . Melee 680 | . . . . 10 670 . . . . Knockbacks 5 | . . . . . 4 . . 1 . Impact 2 | . . . . . 2 . . . . Kinetic 1 | . . . . . . . . 1 . Secondary 2 | . . . . . 2 . . . . Self-Inflicted Damage 188 | . . . 12 35 . 29 74 38 . Shots 6 | . . . 1 1 . 1 2 1 . Rammed 4 | . . . . . . . . 4 . Targets Rammed 4 | . . . . . . . . 4 . Kicked . | . . . . . . . . . . Crushed . | . . . . . . . . . . Highest Temperature 581 | . 12 . . 114 . 333 334 581 . Average Temperature 111 | . 6 . . 42 . 68 150 174 . Received Heat Transfer 1590 | . 228 . 93 27 . 507 . 735 . Effects 12 | . . . . . . 3 1 8 . Shutdowns 1 | . . . . . . . . 1 . Energy Bleed 3 | . . . . . . . 1 2 . Interference 6 | . . . . . . 3 . 3 . Damage (core) 2 | . . . . . . . . 2 . Siege Activations . | . . . . . . . . . . Martial Activations . | . . . . . . . . . . Shielding Activations . | . . . . . . . . . . Robots Disrupted . | . . . . . . . . . . Combat Hostiles . | . . . . . . . . . . Robots Corrupted 9 | . . . . 1 4 . . 4 . Combat Hostiles 3 | . . . . . . . . 3 . Parts Fried 16 | . . . . 1 8 . . 7 . Impact Corruptions 22 | . . . . 1 21 . . . . Robots Melted 10 | . . . . . . 9 . 1 . Combat Hostiles 7 | . . . . . . 6 . 1 . Parts Melted 20 | . . . . . . 18 . 2 . Heat Transferred 9257 | . . . . 256 . 7629 . 1372 . Parts Sabotaged . | . . . . . . . . . . Parts Stolen . | . . . . . . . . . . Parts Stripped . | . . . . . . . . . . Power Chain Reactions . | . . . . . . . . . . Alert | -11 -10 -10 -10 -8 -8 -6 -6 -6 -6 ------- Run | Yrd Mat Min Sub Rec Scr Fac Was Fac Gar Maximum Alert Level 3 | . 1 . . . . 3 1 1 1 Low Security (%) 73 | 100 67 100 . 100 . 57 . 81 . Level 1 20 | . 32 . . . . 18 100 18 100 Level 2 5 | . . . . . . 21 . . . Level 3 . | . . . . . . 2 . . . Level 4 . | . . . . . . . . . . Level 5 . | . . . . . . . . . . High Security . | . . . . . . . . . . Max Security . | . . . . . . . . . . Peak Influence 919 | 5 258 42 . 80 . 919 338 369 223 Initial 320 | . . 42 . . . . 320 143 223 Average 123 | . 139 10 . 16 . 198 282 153 223 Influence Increases 3015 | 10 589 7 . 363 . 1355 75 616 . Destroy 0b10 Robot/C 1340 | . 360 . . 100 . 520 . 360 . Destroy 0b10 Robot/NC 215 | 10 50 . . 15 . 80 . 60 . Destroy Leader 312 | . 88 . . . . 146 . 78 . Allied During Kill 9 | . . . . 9 . . . . . Trap Triggered on 0b10 10 | . . . . . . . . 10 . Successful Hack 110 | . 14 7 . 27 . 58 . 4 . Select Force Hacks 180 | . . . . 180 . . . . . Disable Machine 270 | . . . . . . 240 . 30 . Anti-Garrison Action 150 | . . . . . . 150 . . . Destroy Structure 284 | . 17 . . 32 . 116 75 44 . Partial Spotted 30 | . 15 . . . . 15 . . . Lose Combat Pursuer 105 | . 45 . . . . 30 . 30 . Influence Decreases 2792 | 10 480 116 . 363 . 440 785 502 96 Entered New Map 820 | . . 67 . . . . 595 62 96 Time Decay 1772 | 10 460 49 . 333 . 400 170 350 . Lost Part 160 | . 20 . . 10 . 40 . 90 . Lost Ally 40 | . . . . 20 . . 20 . . Squads Dispatched 23 | . 4 . . . . 13 . 6 . Investigation 11 | . 3 . . . . 6 . 2 . Extermination 4 | . . . . . . 3 . 1 . Reinforcement 4 | . 1 . . . . . . 3 . Assault 2 | . . . . . . 2 . . . Garrison 2 | . . . . . . 2 . . . Intercept . | . . . . . . . . . . Searches Triggered . | . . . . . . . . . . Construction Impeded 1 | . . . . . . . . 1 . Haulers Reinforced 1 | . . . . . . . . 1 . Active Scanning Responses . | . . . . . . . . . . Cargo Convoy Interrupts 1 | . . . . . . . . 1 . Stealth | -11 -10 -10 -10 -8 -8 -6 -6 -6 -6 --------- Run | Yrd Mat Min Sub Rec Scr Fac Was Fac Gar Distress Signals 7 | . 2 . . . . 2 . 3 . Communications Jammed . | . . . . . . . . . . Distress Signals . | . . . . . . . . . . Times Spotted 143 | . 35 . 7 3 . 37 6 47 8 Peak Tracking Total 11 | . 4 . 6 3 . 5 2 11 11 Tactical Retreats 6 | . 2 . . . . 2 . 2 . Traps | -11 -10 -10 -10 -8 -8 -6 -6 -6 -6 ------- Run | Yrd Mat Min Sub Rec Scr Fac Was Fac Gar Traps Triggered 5 | . 1 . . . . 2 . 1 1 Indirectly . | . . . . . . . . . . Trap Hack Attempts . | . . . . . . . . . . Triggered . | . . . . . . . . . . Disarmed . | . . . . . . . . . . Reprogrammed . | . . . . . . . . . . Reused 1 | . . . . . . . . 1 . Traps Extracted . | . . . . . . . . . . Installed 1 | . . . . . . . . 1 . Triggered 1 | . . . . . . . . 1 . Most Traps Carried 1 | . . . . . 1 1 1 1 . Machines | -11 -10 -10 -10 -8 -8 -6 -6 -6 -6 ---------- Run | Yrd Mat Min Sub Rec Scr Fac Was Fac Gar Machines Disabled 19 | . . . . . . 17 . 2 . Max in Single Turn 5 | . . . . . . 5 . 1 . Garrison Access 1 | . . . . . . 1 . . . Machines Repaired . | . . . . . . . . . . Machines Dismantled . | . . . . . . . . . . Machines Sabotaged . | . . . . . . . . . . Overloaded Fab Kills . | . . . . . . . . . . Hacking | -11 -10 -10 -10 -8 -8 -6 -6 -6 -6 --------- Run | Yrd Mat Min Sub Rec Scr Fac Was Fac Gar Machines Accessed 40 | . 6 1 . 12 3 13 . 5 . Terminals 17 | . 5 1 . 6 . 4 . 1 . Fabricators 2 | . . . . . . 2 . . . Repair Stations 3 | . . . . . . 2 . 1 . Recycling Units 12 | . 1 . . 6 . 4 . 1 . Scanalyzers 1 | . . . . . . . . 1 . Garrison Access 2 | . . . . . . 1 . 1 . Total Hacks 130 | . 17 3 . 43 27 31 . 9 . Successful 76 | . 6 1 . 24 27 17 . 1 . Failed 53 | . 10 2 . 19 . 14 . 8 . Catastrophic 12 | . 3 1 . 2 . 4 . 2 . Database Lockouts 1 | . 1 . . . . . . . . Manual 58 | . 12 3 . 30 . 10 . 3 . Terminals 52 | . 15 3 . 25 . 7 . 2 . Fabricators 9 | . . . . . . 9 . . . Repair Stations 6 | . . . . . . 5 . 1 . Recycling Units 31 | . 2 . . 18 . 8 . 3 . Scanalyzers 1 | . . . . . . . . 1 . Garrison Access 4 | . . . . . . 2 . 2 . Terminal Hacks 36 | . 4 1 . 2 27 2 . . . Record 19 | . . . . . 19 . . . . Part Schematic 2 | . 1 1 . . . . . . . Robot Schematic 1 | . 1 . . . . . . . . Robot Analysis 8 | . . . . 1 7 . . . . Terminal Index 1 | . . . . 1 . . . . . Locate Traps 2 | . 1 . . . . 1 . . . Recall Reinforcements 1 | . . . . . . 1 . . . Hauler Manifests 1 | . 1 . . . . . . . . Proto ID Catalog 1 | . . . . . 1 . . . . Fabricator Hacks 3 | . . . . . . 3 . . . Load Schematic 2 | . . . . . . 2 . . . Build 1 | . . . . . . 1 . . . Repair Station Hacks 3 | . . . . . . 3 . . . Scan Component 2 | . . . . . . 2 . . . Repair 1 | . . . . . . 1 . . . Recycling Unit Hacks 14 | . 2 . . 9 . 3 . . . Report Inventory 9 | . 1 . . 6 . 2 . . . Retrieve Components 5 | . 1 . . 3 . 1 . . . Scanalyzer . | . . . . . . . . . . Garrison Access Hacks 1 | . . . . . . . . 1 . Unlock Access 1 | . . . . . . . . 1 . Unauthorized Hacks 19 | . . . . 13 . 6 . . . Terminals 8 | . . . . 7 . 1 . . . Botnet 3 | . . . . 2 . 1 . . . Skim 5 | . . . . 5 . . . . . Fabricators 1 | . . . . . . 1 . . . Recompile 1 | . . . . . . 1 . . . Repair Stations . | . . . . . . . . . . Recycling Units 10 | . . . . 6 . 4 . . . Tunnel 6 | . . . . 6 . . . . . Fedlink 4 | . . . . . . 4 . . . Scanalyzers . | . . . . . . . . . . Garrison Access . | . . . . . . . . . . Data Cores Recovered . | . . . . . . . . . . Used . | . . . . . . . . . . Hacking Detections 29 | . 5 1 . 8 . 10 . 5 . Full Trace Events 5 | . 2 . . 1 . 1 . 1 . Feedback Events . | . . . . . . . . . . Feedback Blocked . | . . . . . . . . . . Robot Schematics Acquired 1 | . 1 . . . . . . . . Robots Built . | . . . . . . . . . . Authchips . | . . . . . . . . . . Time . | . . . . . . . . . . Total Robot Build Rating . | . . . . . . . . . . Part Schematics Acquired 2 | . 1 1 . . . . . . . Parts Built 1 | . . . . . . 1 . . . Authchips 1 | . . . . . . 1 . . . Time 25 | . . . . . . 25 . . . Total Part Build Rating 1 | . . . . . . 1 . . . Part Studies Acquired . | . . . . . . . . . . Parts Repaired 1 | . . . . . . 1 . . . Time 25 | . . . . . . 25 . . . Parts Recycled . | . . . . . . . . . . Recycled Matter . | . . . . . . . . . . Retrieved Matter . | . . . . . . . . . . Retrieved Components 20 | . 3 . . 7 . 10 . . . Parts Scanalyzed . | . . . . . . . . . . Part Schematics Acquired . | . . . . . . . . . . Parts Damaged . | . . . . . . . . . . Bothacking | -11 -10 -10 -10 -8 -8 -6 -6 -6 -6 ------------ Run | Yrd Mat Min Sub Rec Scr Fac Was Fac Gar Used RIF Installer . | . . . . . . . . . . Robots Hacked 1 | . . . . . 1 . . . . Non-combat . | . . . . . . . . . . Combat 1 | . . . . . 1 . . . . Robot Hacks Applied 1 | . . . . . 1 . . . . parse_system 1 | . . . . . 1 . . . . Relay Couplers Released 1 | . . . . . . 1 . . . Machine Destruction 1 | . . . . . . 1 . . . Fabnet Peak Effective % . | . . . . . . . . . . Robots Rewired 11 | . . . . 11 . . . . . Allies Hacked . | . . . . . . . . . . Hacks Repelled . | . . . . . . . . . . Allies | -11 -10 -10 -10 -8 -8 -6 -6 -6 -6 -------- Run | Yrd Mat Min Sub Rec Scr Fac Was Fac Gar Total Allies 12 | . . . . 11 . . 1 . . Largest Group 10 | . . . . 10 10 . 1 . . Highest-Rated Group 144 | . . . . 144 144 . 31 . . Highest-Rated Ally 34 | . . . . 34 21 . 31 . . Total Orders 31 | . . . . 1 30 . . . . STAY 21 | . . . . . 21 . . . . FOLLOW 9 | . . . . . 9 . . . . PICKUP 1 | . . . . 1 . . . . . Ally Attacks 34 | . . . . 14 . . 20 . . Total Damage 451 | . . . . 221 . . 230 . . Kills 3 | . . . . 2 . . 1 . . Allies Corrupted 4 | . . . . . 4 . . . . Allies Melted . | . . . . . . . . . . Intel | -11 -10 -10 -10 -8 -8 -6 -6 -6 -6 ------- Run | Yrd Mat Min Sub Rec Scr Fac Was Fac Gar Active Infowar (turns) 2530 | 48 1386 217 169 . . 710 . . . Sensors 710 | . . . . . . 710 . . . Terrain 554 | 48 506 . . . . . . . . Structural 184 | . . . . . . 184 . . . Seismic 1266 | . 880 217 169 . . . . . . Robot Analysis Total 8 | . . . . 1 7 . . . . Derelict Logs Recovered 3 | . . 1 . . 2 . . . . Drone Launches . | . . . . . . . . . . Drone Recoveries . | . . . . . . . . . . Exploration | -11 -10 -10 -10 -8 -8 -6 -6 -6 -6 ------------- Run | Yrd Mat Min Sub Rec Scr Fac Was Fac Gar Turns Passed 9786 | 148 1386 217 467 1617 3336 1446 342 783 44 Spaces Moved 6375 | 82 782 179 289 964 2511 918 218 377 55 Core 108 | 36 . . . . . . . 17 55 Treads 1 | . 1 . . . . . . . . Legs . | . . . . . . . . . . Wheels 6266 | 46 781 179 289 964 2511 918 218 360 . Hover . | . . . . . . . . . . Flight . | . . . . . . . . . . Fastest Speed 50 | 50 95 115 115 125 115 86 115 50 50 Average Speed 118 | 130 112 115 119 125 123 102 129 125 50 Slowest Speed 250 | 250 240 115 125 125 125 130 130 160 50 Overloaded Moves . | . . . . . . . . . . Propulsion Burnouts . | . . . . . . . . . . Robots Hopped . | . . . . . . . . . . Potential Cave-ins . | . . . . . . . . . . Cave-ins Triggered . | . . . . . . . . . . Exploration Rate (%) 46 | 5 78 48 18 99 83 23 86 15 11 Regions Visited 9 Branch Regions 4 Pre-discovered Areas 12 | . . . . 7 4 1 . . . Known Exits Taken 3 | . . . . 1 1 . . 1 . Unknown Exits Taken 4 | 1 1 1 1 . . . . . . Scrap Searched 5 | . . . . . 5 . . . . Spaces Dug 59 | . 19 . 2 12 . 7 . 19 . Terrain Destroyed 394 | . 19 . 27 12 . 126 159 51 . Melee 2 | . . . . 2 . . . . . Projectile 24 | . . . . . . 20 . 4 . AOE 368 | . 19 . 27 10 . 106 159 47 . Terrain Rammed . | . . . . . . . . . . Walls Destroyed . | . . . . . . . . . . Machines Disabled . | . . . . . . . . . . Actions | -11 -10 -10 -10 -8 -8 -6 -6 -6 -6 --------- Run | Yrd Mat Min Sub Rec Scr Fac Was Fac Gar Total 8052 | 104 1145 190 376 1359 2742 1250 244 570 72 Wait 974 | 2 257 12 58 262 191 137 1 54 . Move 6367 | 81 781 178 288 963 2510 918 217 376 55 Hop . | . . . . . . . . . . Pick Up 82 | 5 14 . . 12 11 28 2 10 . Fast Attach 47 | 7 1 . 2 2 2 18 1 14 . Attach 21 | . 2 . . . 1 13 . 4 1 Detach 6 | . . . . . . 3 . 3 . Swap 56 | 2 5 . 4 5 2 16 4 18 . Drop 84 | . 7 . 3 13 14 22 5 20 . Fire 292 | 7 78 . 21 10 . 95 14 66 1 Melee 15 | . . . . 4 11 . . . . Ram 4 | . . . . . . . . 4 . Kick . | . . . . . . . . . . Crush . | . . . . . . . . . . Escape Stasis 15 | . . . . . . . . . 15 Rewire 88 | . . . . 88 . . . . . Trap 1 | . . . . . . . . 1 . Miscellaneous . | . . . . . . . . . . Route ------- -11/Scrapyard -10/Materials (discovered 4 exits: [*Mat] / *Min x2 / [*Sub]) -10/Mines (discovered 3 exits: [*Mat] / [*Exi] / [*Sub]) -10/Subcaves -8/Recycling (discovered 2 exits: *Fac / *Scr) -8/Scraptown -6/Factory (discovered 8 exits: Fac x4 / Low x2 / *Ext x2) -6/Waste -6/Factory -6/Garrison History --------- Turn | Location | Event 44 | -11/Scrapyard | Discovered new exit (range 16) 149 | -11/Scrapyard | Entered Materials 242 | -10/Materials | Discovered new exit (range 12) 285 | -10/Materials | Discovered new exit (range 15) 310 | -10/Materials | Build established: Mutant 645 | -10/Materials | Destroyed 7 combat bots 669 | -10/Materials | Discovered new exit (range 8) 1018 | -10/Materials | Central database locked down 1455 | -10/Materials | Discovered new exit (range 10) 1535 | -10/Materials | Entered Mines 1538 | -10/Mines | Met a Derelict bent on vengeance 1608 | -10/Mines | Learned location of 1 exit from Materials 1611 | -10/Mines | Deemed a non-threat by the Exiles lab entrance 1613 | -10/Mines | Discovered new exit (range 5) 1676 | -10/Mines | Discovered new exit (range 12) 1719 | -10/Mines | Assembled infested the area 1748 | -10/Mines | Discovered new exit (range 4) 1752 | -10/Mines | Entered Subcaves 1753 | -10/Subcaves | Approached by a straggling Scientist 1901 | -10/Subcaves | Core integrity fell below 50% 1904 | -10/Subcaves | Ambushed by Subdweller buried in earth 2028 | -10/Subcaves | Core integrity fell below 20% 2200 | -10/Subcaves | Discovered new exit (range 13) 2219 | -10/Subcaves | Entered Recycling 2959 | -8/Recycling | Discovered new exit (range 9) 3334 | -8/Recycling | Learned location of 2 exits from Factory 3373 | -8/Recycling | Learned location of 2 exits from Factory 3404 | -8/Recycling | Identified exit to Factory 3424 | -8/Recycling | Learned Factory stockpile data 3435 | -8/Recycling | Identified exit to Scraptown 3438 | -8/Recycling | Learned location of 2 exits from Factory 3443 | -8/Recycling | Learned 4 Recycling zone layouts 3457 | -8/Recycling | Learned location of 1 exit from Extension 3695 | -8/Recycling | Build established: Commander-Mutant 3756 | -8/Recycling | Scanned before Scraplab entrance 3793 | -8/Recycling | Entered Scraplab 3836 | -8/Recycling | Entered Scraptown 3836 | -8/Scraptown | Accompanied by 10 allies 3856 | -8/Scraptown | Heard Great Nut preacher, LISTEN AND RECITE! 4015 | -8/Scraptown | Visited CPS Storage 4024 | -8/Scraptown | Visited Fellowship of the Rings 4044 | -8/Scraptown | Visited Cyclists 4102 | -8/Scraptown | Visited Cave Peace 4109 | -8/Scraptown | Visited SPCMW 4118 | -8/Scraptown | Visited Spacefarers 4144 | -8/Scraptown | Visited Shadow of the Wyrm 4260 | -8/Scraptown | Scanned Subdweller tech in exchange for log data 4264 | -8/Scraptown | Learned Factory machine intel 4265 | -8/Scraptown | Learned Research stockpile data 4530 | -8/Scraptown | Visited UFD Registry 4530 | -8/Scraptown | Registered with UFD as "Shadowsplitter" 4582 | -8/Scraptown | Visited Analyses Database 4612 | -8/Scraptown | Visited Infowarlord's Domain 4627 | -8/Scraptown | Visited LU-1G1's Boring Crew 4643 | -8/Scraptown | Visited DA-N13 Charitable Foundation 4648 | -8/Scraptown | Found DCF Scrap (27 items) 4683 | -8/Scraptown | Visited Junk Repository 4705 | -8/Scraptown | Visited Science Guys 4747 | -8/Scraptown | Visited Derelict Rescue Squad 4801 | -8/Scraptown | Visited Cartography Club 5359 | -8/Scraptown | Learned location of Warlord (-4) 5359 | -8/Scraptown | Learned 12 Materials zone layouts 5359 | -8/Scraptown | Learned 16 Materials zone layouts 5359 | -8/Scraptown | Learned 8 Factory zone layouts 5359 | -8/Scraptown | Learned 20 Factory zone layouts 5359 | -8/Scraptown | Learned 8 Research zone layouts 5359 | -8/Scraptown | Learned 4 Storage zone layouts 5359 | -8/Scraptown | Learned 8 Lower Caves zone layouts 5359 | -8/Scraptown | Learned 8 Upper Caves zone layouts 5359 | -8/Scraptown | Learned Materials emergency access door positions 5359 | -8/Scraptown | Learned location of 1 exit from Lower Caves 5359 | -8/Scraptown | Learned location of 1 exit from Upper Caves 5390 | -8/Scraptown | Found Deep Structural Scanner 6226 | -8/Scraptown | Murdered 4 allies 6454 | -8/Scraptown | Build established: Mutant 6823 | -8/Scraptown | Found Exp. Terrain Scanner 7093 | -8/Scraptown | Met Optimus 7093 | -8/Scraptown | Accepted into 0bPrime 7168 | -8/Scraptown | Discovered exit to Factory (range 3) 7172 | -8/Scraptown | Entered Factory 7172 | -6/Factory | Evolved 8 slots: Propulsion x3, Utility x4, Weapon x1 7173 | -6/Factory | Identified exit to Lower Caves 7173 | -6/Factory | Identified exit to Extension 7174 | -6/Factory | Identified exit to Factory 7177 | -6/Factory | Loaded intel: 291 machine locations 7566 | -6/Factory | Loaded intel: 7 recycling unit locations 7895 | -6/Factory | Learned location of Protoforge (-2) 8207 | -6/Factory | Fabricated Huge Storage Unit (x1) 8241 | -6/Factory | Build established: Gunner 8280 | -6/Factory | Repaired Thermic Laser 8426 | -6/Factory | Garrison activated, responded to threat 8618 | -6/Factory | Sucked down chute 8618 | -6/Factory | Entered Waste 8619 | -6/Waste | Met a frightened Derelict 8631 | -6/Waste | Spotted C-40 Crusher 8633 | -6/Waste | EMP discharged 8633 | -6/Waste | System corruption reached 10% 8640 | -6/Waste | Allies destroyed C-40 Crusher 8692 | -6/Waste | Spotted C-40 Crusher 8701 | -6/Waste | Destroyed C-40 Crusher 8706 | -6/Waste | Spotted C-40 Crusher 8710 | -6/Waste | Destroyed C-40 Crusher 8715 | -6/Waste | Spotted C-40 Crusher 8717 | -6/Waste | Destroyed C-40 Crusher 8732 | -6/Waste | Found Damper Plating 8733 | -6/Waste | EMP discharged 8742 | -6/Waste | Spotted C-40 Crusher 8748 | -6/Waste | Spotted C-40 Crusher 8780 | -6/Waste | Destroyed C-40 Crusher 8790 | -6/Waste | Destroyed C-40 Crusher 8833 | -6/Waste | EMP discharged 8881 | -6/Waste | Discovered new exit (range 16) 8933 | -6/Waste | EMP discharged 8960 | -6/Waste | Entered Factory 9035 | -6/Factory | Core integrity fell below 50% 9325 | -6/Factory | Identified exit to Garrison 9338 | -6/Factory | Build established: Tank 9591 | -6/Factory | Cargo convoy interrupted 9643 | -6/Factory | Found Prototype Device 9643 | -6/Factory | Identified Exp. Shield Generator 9646 | -6/Factory | Destroyed 10 combat bots 9700 | -6/Factory | Core integrity fell below 20% 9735 | -6/Factory | Released all parts (7) 9743 | -6/Factory | Entered Garrison 9765 | -6/Garrison | Lost 8 parts (4n2u2w) 9787 | -6/Garrison | Destroyed by S-27 Virus with Autogun Last Messages --------------- 09750_ A bubble of rippling energy engulfs the area. 09750_ Field strength at 94. 09751_ Field strength at 88. 09752_ Field strength at 82. 09753_ Field strength at 76. 09754_ Field strength at 70. 09755_ Field strength at 64. 09756_ Field strength at 58. 09757_ Field strength at 52. 09758_ Field strength at 46. 09759_ Field strength at 40. 09760_ Field strength at 34. 09761_ Field strength at 28. 09762_ Field strength at 22. 09763_ Field strength at 16. 09764_ Field strength at 10. 09765_ Field strength at 4. 09766_ Stasis field depleted. 09778_ ALERT: Dispatching investigation squad to Factory. 09781_ =S7 | >9DC AP:I3 LQRG Map ----- +----------------------------------------------------+ | ??????????????????????????#######????????????????? | | ??????????????????????????# #????????????????? | | ??????????????????????????# #????????????????? | | ??????????????????????????# #????????????????? | | ??????????????????????????### #????????????????? | | ????????????????????????????# #????????????????? | | ????????????????????????????# #????????????????? | | ????????????????????????????# #????????????????? | | ????????????????????????????# #????????????????? | | ????????????????????????????# #????????????????? | | ????????????????????????????# #????????????????? | | ????????????????????????????# #????????????????? | | ????????????????????????????# #????????????????? | | ????????????????????????????# "????????????????? | | ????????????????????????????# "????????????????? | | ????????????????????????????# "????????????????? | | ????????????????????????????# #????????????????? | | ????????????????????????????# #????????????????? | | ????????????????????????????# #????????????????? | | ????????????????????????????# #????????????????? | | ????????????????????????????# #????????????????? | | ????????????????????????????# #????????????????? | | ????????????????????????????# #????????????????? | | ???????????################## #????????????????? | | ???????#! #????????????????? | | ????????????# @ ss #????????????????? | | ????????????###### #########s #????????????????? | | ?????????????????# ????????# #????????????????? | | ?????????????????" ?????????# #????????????????? | | ?????????????????"??????????# #????????????????? | | ????????????????????????????# #????????????????? | | ????????????????????????????# #????????????????? | | ????????????????????????????# #########????????? | | ????????????????????????????# ?? | | ????????????????????????????# ?? | | ????????????????????????????# ?? | | ????????????????????????????############ ## ??? | | ???????????????????????????????????????????#?????? | | ?????????????????????????????????????????????????? | | ?????????????????????????????????????????????????? | | ?????????????????????????????????????????????????? | | ?????????????????????????????????????????????????? | | ?????????????????????????????????????????????????? | | ?????????????????????????????????????????????????? | | ?????????????????????????????????????????????????? | | ?????????????????????????????????????????????????? | | ?????????????????????????????????????????????????? | | ?????????????????????????????????????????????????? | | ?????????????????????????????????????????????????? | | ?????????????????????????????????????????????????? | +----------------------------------------------------+ Best States ------------- Heat Dissipation 129 Energy Generation 28 Energy Capacity 325 Matter Stores 300 Matter Capacity 550 Sight Range 16 Robot Scan Range 16 Terrain Scan Range 16 Terrain Scan Density 10 Power Amplification 80 Armor Coverage 1600 Resistance: EM 90 Evasion (%) 50 Targeting Accuracy 8 Recoil Reduction 1 Offensive Hacking 10 Authchip Count 1 Item Schematics ----------------- Huge Storage Unit | -10/Materials | Hacked Hcp. Storage Unit | -10/Mines | Hacked Robot Schematics ------------------ M-13 Machinist | -10/Materials | Hacked Fabricated ------------ Huge Storage Unit | x1 | -6/Factory | Authchip Repaired ---------- Thermic Laser | 13% | -6/Factory Studied --------- None Alien Tech Used ----------------- None Achievements -------------- None Challenges ------------ None Game ------ Seed NeutrinoBraceNanovents Manual? 0 Play Time 01:39:55 Cumulative 1043.7 hours Start 2025.11.07 @ 08:11:23 End 2025.11.07 @ 10:17:03 Sessions 4 Manual Loads 0 Difficulty Rogue Special Mode None Game No. 377 Rogue 372 Adventurer 4 Explorer 1 Win Type - Total 21 Types 13/3/1/1/0/1/0/0/1/1 Lore% 96 Gallery% 94 Achievement% 79 Wizard Run 0 Options --------- Layout 0 ASCII 0 Keyboard 0 Movement Numpad Keybinds 0 Fullscreen 2 Font 18/SmallcapsGlow Map View 76x50 Zoom Use 5% Tactical HUD 1 Map Filters NONE Filters NONE Steam 1 RUN: 33e09ece-8c0a-4295-9036-87a2188f8450